AoeStats
← PacoelJusto

Black Forest

510595607Analyzed
4v4 RM · 19h ago on Oct 1, 2026· 49m 43s· 8 players
Game mode
Random Map
Map size
Large (8 player)
Population
200
Speed
Normal
Resources
Standard
Victory
Conquest
Starting age
Dark Age
Ending age
Imperial Age
RankedLock teamsTeams togetherTeam positionsShared explorationLock speedFull tech treeHidden civsTurbo modeCheats
Victory
Defeat
🇩🇪 Danes · Germany
1136
+16
🇲🇽 Malians · Mexico
1076
+18
🇦🇷 Dravidians · Argentina
1058
+19
🇺🇸 Britons · United States
1057
+19
🇨🇳 Magyars · China
1150
-19
🇹🇷 Burmese · Türkiye
1140
-18
🇹🇷 Britons · Türkiye
1124
-18
🇮🇳 Portuguese · India
1106
-17
thelastzaza
0:59 Loom
11:47 Feudal Age
16:12 Castle Age
15:10 Double-Bit Axe
15:26 Horse Collar
29:59 Wheelbarrow
29:24 Gold Mining
29:25 Stone Mining
29:53 Bow Saw
30:39 Heavy Plow
32:37 Fletching
38:31 Imperial Age
36:55 Elite Skirmisher
38:24 Bodkin Arrow
38:30 Padded Archer Armor
40:08 Bracer
40:24 Leather Archer Armor
40:32 Ballistics
41:12 Chemistry
40:57 Forging
42:54 Ring Archer Armor
43:35 Iron Casting
43:13 Crossbowman
45:06 Chemistry
44:12 Scale Mail Armor
46:26 Blast Furnace
45:14 Arbalester
Macbeth
6:44 Loom
11:56 Feudal Age
16:30 Castle Age
14:37 Gold Mining
14:28 Horse Collar
17:38 Heavy Plow
24:55 Wheelbarrow
26:44 Bloodlines
27:03 Scale Barding Armor
28:47 Hand Cart
28:36 Devotion
28:42 Devotion
28:38 Stone Mining
29:24 Gold Shaft Mining
29:29 Chain Barding Armor
29:14 Husbandry
29:34 Forging
30:19 Town Watch
34:47 Imperial Age
34:23 Iron Casting
34:52 Elite Battle Elephant
35:34 Howdah
35:55 Conscription
35:38 Manipur Cavalry
36:26 Plate Barding Armor
37:48 Blast Furnace
37:28 Light Cavalry
38:21 Hussar
45:12 Fletching
45:44 Bodkin Arrow
45:40 Elite Skirmisher
46:57 Bracer
46:58 Padded Archer Armor
48:35 Chemistry
48:36 Ballistics
Yee
12:17 Feudal Age
15:56 Castle Age
13:43 Double-Bit Axe
14:22 Horse Collar
21:32 Bow Saw
23:56 Wheelbarrow
29:49 Imperial Age
27:17 Fletching
27:49 Bodkin Arrow
27:59 Loom
28:49 Husbandry
30:14 Heavy Cavalry Archer
31:35 Bracer
31:37 Padded Archer Armor
32:37 Scale Barding Armor
32:58 Parthian Tactics
32:57 Ballistics
33:19 Leather Archer Armor
33:33 Thumb Ring
34:34 Recurve Bow
35:04 Conscription
35:49 Ring Archer Armor
37:33 Chain Barding Armor
37:57 Caravan
39:28 Chemistry
38:08 Treadmill Crane
38:24 Murder Holes
39:38 Plate Barding Armor
42:23 Corvinian Army
AztecKiller2427
1:19 Loom
12:38 Feudal Age
14:11 Double-Bit Axe
17:15 Castle Age
15:35 Horse Collar
18:39 Bow Saw
26:19 Wheelbarrow
27:39 Hand Cart
31:36 Imperial Age
30:10 Gold Mining
33:27 Chemistry
32:33 Siege Engineers
32:42 Heavy Plow
32:32 Pikeman
32:45 Elite Organ Gun
34:03 Conscription
40:24 Caravan
40:46 Halberdier
42:11 Arquebus
moreTuuunes
9:27 Loom
11:44 Feudal Age
16:38 Castle Age
14:40 Double-Bit Axe
15:21 Horse Collar
19:03 Bow Saw
19:27 Stone Mining
22:02 Wheelbarrow
27:17 Fletching
30:24 Imperial Age
29:44 Heavy Plow
29:44 Bodkin Arrow
29:50 Padded Archer Armor
30:46 Ballistics
30:07 Treadmill Crane
30:38 Masonry
30:05 Pikeman
31:13 Bracer
31:32 Halberdier
32:16 Gambesons
32:31 Squires
32:16 Arson
32:49 Leather Archer Armor
32:45 Forging
32:35 Scale Mail Armor
32:59 Conscription
35:52 Iron Casting
35:32 Chain Mail Armor
35:48 Ring Archer Armor
36:34 Yeomen
37:36 Chemistry
38:51 Plate Mail Armor
39:22 Blast Furnace
39:56 Elite Longbowman
41:41 Siege Engineers
42:06 Architecture
45:02 Warwolf
Darth Joker2673
0:51 Loom
11:29 Feudal Age
12:31 Double-Bit Axe
16:31 Castle Age
14:50 Scale Mail Armor
15:39 Arson
17:28 Squires
17:43 Bow Saw
18:30 Gambesons
21:35 Gold Mining
22:06 Horse Collar
22:45 Chain Mail Armor
25:18 Gold Shaft Mining
26:32 Sanctity
27:54 Pikeman
29:13 Stone Mining
29:27 Heavy Plow
30:22 Wheelbarrow
31:04 Stone Shaft Mining
31:35 Forging
31:15 Fletching
33:09 Hand Cart
33:57 Town Watch
34:10 Bodkin Arrow
36:58 Iron Casting
36:23 Padded Archer Armor
39:15 Imperial Age
37:46 Town Patrol
38:08 Fervor
38:30 Caravan
40:25 Plate Mail Armor
40:56 Blast Furnace
39:18 Capped Ram
40:54 Hoardings
40:42 Ballistics
40:16 Hamask
40:23 Halberdier
42:00 Conscription
41:56 Masonry
41:48 Northmen's Fury
42:34 Elite Varangian Guard
43:34 Bracer
43:59 Onager
45:20 Coinage
46:35 Siege Onager
47:19 Murder Holes
47:44 Siege Engineers
47:51 Siege Ram
50:38 Chemistry
49:05 Man-at-Arms
49:52 Scale Barding Armor
49:47 Padded Archer Armor
PacoelJusto
9:41 Feudal Age
10:17 Loom
17:25 Castle Age
15:21 Double-Bit Axe
15:32 Horse Collar
16:16 Gold Mining
18:44 Bow Saw
20:08 Fervor
20:01 Stone Mining
26:47 Wheelbarrow
32:28 Imperial Age
30:51 Forging
31:05 Ballistics
31:23 Gold Shaft Mining
31:13 Town Watch
32:51 Scale Barding Armor
33:00 Heavy Plow
34:17 Chemistry
33:33 Husbandry
32:57 Heavy Camel Rider
33:40 Farimba
34:05 Chain Barding Armor
34:25 Iron Casting
34:13 Bloodlines
35:17 Conscription
34:36 Light Cavalry
35:56 Plate Barding Armor
39:29 Scale Mail Armor
42:59 Hand Cart
42:38 Fletching
Milton Caskito
0:56 Loom
12:17 Feudal Age
15:33 Double-Bit Axe
15:31 Horse Collar
18:15 Castle Age
17:03 Fletching
20:14 Bow Saw
21:44 Heavy Plow
22:51 Stone Mining
22:53 Gold Mining
26:19 Wheelbarrow
25:30 Town Watch
30:25 Imperial Age
31:15 Ballistics
32:10 Chemistry
31:18 Elite Skirmisher
32:30 Conscription
32:14 Fletching
32:25 Padded Archer Armor
33:20 Bodkin Arrow
38:08 Elite Elephant Archer
40:01 Medical Corps
40:49 Bracer
41:19 Masonry
43:31 Hoardings
43:28 Leather Archer Armor
43:21 Scale Barding Armor
46:14 Thumb Ring
46:30 Forging
46:54 Murder Holes
46:49 Heated Shot
47:55 Caravan
48:26 Coinage
Connection lost

Rejoining the realm…

Still unreachable

The connection could not be restored.

Session expired

The server has moved on; the page needs a fresh start.